 Dungeon Crawl Stone Soup version 0.28-a0-724-g66f9036eb4 (webtiles) character file.

Game seed: 1653660259327421516

7285 funkygono the Arsonist (level 11, -3/55 HPs)
             Began as a Gargoyle Fire Elementalist on Oct 25, 2021.
             Was a Follower of Vehumet.
             Slain by a komodo dragon (12 damage)
             ... on level 1 of the Lair of Beasts on Oct 27, 2021.
             The game lasted 00:28:13 (12585 turns).

funkygono the Arsonist (GrFE)                      Turns: 12585, Time: 00:28:14

Health: -3/55      AC: 18    Str: 12    XL:     11   Next: 12%
Magic:  14/24      EV: 12    Int: 19    God:    Vehumet [*.....]
Gold:   388        SH:  5    Dex: 10    Spells: 18/29 levels left

rFire   . . .      SeeInvis .   m - +2 flail (freeze)
rCold   + . .      Faith    .   (no shield)
rNeg    + . .      Spirit   .   a - +0 robe
rPois   ∞          Reflect  +   d - +0 helmet
rElec   +          Harm     .   l - +0 cloak
rCorr   .          Rampage  .   k - +1 pair of gloves
Will    .....                   (no boots)
Stlth   ++........              L - amulet of reflection
HPRegen 0.18/turn               w - +4 ring of protection
MPRegen 0.19/turn               E - ring of protection from cold

@: no status effects
A: sickness immunity, AC +8, negative energy resistance 1, electricity
resistance, torment resistance 1, petrification resistance
a: Renounce Religion


You were on level 1 of the Lair of Beasts.
You worshipped Vehumet.
Vehumet was aware of your devotion.
You visited 3 branches of the dungeon, and saw 11 of its levels.
You also visited: Ossuary.

You collected 718 gold pieces.
You spent 330 gold pieces at shops.

Inventory:

Hand Weapons
 m - a +2 flail of freezing (weapon)
 p - a +3 flail of protection
Armour
 a - a +0 robe (worn)
 c - a scarf of invisibility
 d - a +0 helmet (worn)
 k - a +1 pair of gloves (worn)
 l - a +0 cloak (worn)
Jewellery
 e - a ring of ice
 g - a ring of flight
 w - a +4 ring of protection (left hand)
 E - a ring of protection from cold (right hand)
 L - an amulet of reflection (around neck)
Wands
 o - a wand of flame (8)
 D - a wand of paralysis (5)
 F - a wand of mindburst (20)
 I - a wand of digging (7)
 J - a wand of iceblast (6)
Scrolls
 f - a scroll of identify
 q - 8 scrolls of teleportation
 r - a scroll of magic mapping
 t - 3 scrolls of fear
 u - 3 scrolls of fog
 G - a scroll of blinking
Potions
 b - 2 potions of berserk rage
 h - a potion of attraction
 i - 3 potions of lignification
 s - a potion of brilliance
 v - 2 potions of mutation
 x - a potion of flight
 z - a potion of curing
 A - 2 potions of might
 B - a potion of invisibility {unknown}
 C - a potion of resistance {unknown}
 H - a potion of heal wounds {unknown}


   Skills:
 + Level 0.9 Fighting
 + Level 1.4 Maces & Flails
 + Level 2.5 Dodging
 - Level 2.1 Stealth
 + Level 1.5 Shields
 * Level 9.9 Spellcasting
 * Level 8.8 Conjurations
 * Level 10.3 Fire Magic


You had 18 spell levels left.
You knew the following spells:

 Your Spells              Type           Power      Damage    Failure   Level
a - Foxfire               Conj/Fire      100%       2x1d9     1%          1
b - Scorch                Fire           96%        2d10      1%          2
c - Conjure Flame         Conj/Fire      45%        6-21      1%          3
d - Flame Wave            Conj/Fire      45%        3d9       1%          4
e - Freeze                Ice            36%        1d6       8%          1

Your spell library contained the following spells:

 Spells                   Type           Power      Damage    Failure   Level
 Inner Flame              Hex/Fire       29%        N/A       2%          3
 Animate Skeleton         Necr           18%        N/A       8%          1
 Apportation              Tloc           18%        N/A       8%          1
 Summon Small Mammal      Summ           36%        N/A       8%          1
 Wereblood                Tmut           9%         N/A       12%         2
 Call Canine Familiar     Summ           9%         N/A       22%         3
 Portal Projectile        Hex/Tloc       18%        N/A       22%         3
 Leda's Liquefaction      Hex/Erth       4%         N/A       58%         4
 Summon Hydra             Summ           4%         N/A       100%        7
 Sublimation of Blood     Necr           Unusable   N/A       N/A         2

Dungeon Overview and Level Annotations

Branches:
Dungeon (9/15)             Temple (1/1) D:7            Lair (1/6) D:9
Ossuary (visited)
    Orc: D:9-12

Altars:
Ashenzari
Cheibriados
Dithmenos
Elyvilon
Fedhas
Gozag
Hepliaklqana
Kikubaaqudgha
Makhleb
Nemelex Xobeh
Okawaru
Qazlal
Ru
Sif Muna
Trog
Uskayaw
Vehumet
Wu Jian
Xom
Yredelemnul
Zin
The Shining One

Shops:
D:7 =   D:9 *

Annotations:
D:6 3 runed translucent doors, emiel's ghost, novice NaFi


Innate Abilities, Weirdness & Mutations

You are immune to sickness and miasma.
Your stone body is resilient. (AC +8)
You are immune to poison.
You resist negative energy. (rN+)
You are resistant to electric shocks. (rElec)
You are resistant to unholy torment.
You are immune to petrification.


Message History

The foxfire hits the komodo dragon.
The komodo dragon is heavily wounded.
The foxfire hits the komodo dragon.
The komodo dragon is heavily wounded.
The komodo dragon bites you!!
You hit the komodo dragon but do no damage.
The komodo dragon is heavily wounded.
The komodo dragon bites you but does no damage.
The komodo dragon bites you.
Unknown command.
You barely miss the komodo dragon.
The komodo dragon is heavily wounded.
The komodo dragon closely misses you.
Casting: Foxfire (safe; 1% risk of failure)
Confirm with . or Enter, or press ? or * to list all spells.
You conjure some foxfire!
The komodo dragon bites you!
* * * LOW HITPOINT WARNING * * *
Casting: Foxfire (safe; 1% risk of failure)
Confirm with . or Enter, or press ? or * to list all spells.
You conjure some foxfire!
The foxfire hits the komodo dragon but does no damage.
The komodo dragon is heavily wounded.
The foxfire hits the komodo dragon.
The komodo dragon is heavily wounded.
You block the komodo dragon's attack.
The foxfire hits the komodo dragon but does no damage.
The komodo dragon is heavily wounded.
The foxfire hits the komodo dragon but does no damage.
The komodo dragon is heavily wounded.
Casting: Foxfire (safe; 1% risk of failure)
Confirm with . or Enter, or press ? or * to list all spells.
Flames lash the komodo dragon.
The komodo dragon is severely wounded.
The komodo dragon's fire resistance burns away.
You block the komodo dragon's attack.
Casting: Scorch (safe; 1% risk of failure)
Confirm with . or Enter, or press ? or * to list all spells.
Flames lash the komodo dragon but do no damage.
The komodo dragon bites you!
You die...

#....#...####..##.
##.................
..#.#.............
##......)..........
#........# #..P#.#
##......#.####.###.
#.................
#l[.#.#####.#.##..
#@................
#.........##..#.##
#................)
#......#.##.####..
##.................
#...##.............
##.................
##.##..#......#.#.#
#..................


You could see a komodo dragon (combustible).

Vanquished Creatures
  A two-headed ogre (D:9)
  A cane toad (D:9)
  A troll (D:7)
  6 blink frogs (Lair:1)
  2 hornets
  Prince Ribbit (Lair:1)
  A shadow (D:9)
  A basilisk (Lair:1)
  Menkaure (D:7)
  2 water moccasins
  Duvessa (D:5)
  2 orc warriors
  4 black bears
  A sky beast (D:7)
  A necrophage (D:7)
  An ogre (D:6)
  3 centaurs
  3 kobold brigands
  A wyvern zombie (D:6)
  2 scorpions (D:5)
  5 bullfrogs
  Dowan (D:5)
  A water moccasin skeleton (D:6)
  6 killer bees (D:9)
  3 wights (D:8)
  9 howler monkeys
  4 centaur zombies
  A bullfrog zombie (D:7)
  A jelly (D:5)
  3 orc priests
  5 hounds
  A centaur skeleton (D:4)
  3 orc wizards
  3 iguanas
  6 hell rats
  2 killer bee zombies
  A hound skeleton (D:5)
  8 mummies (Ossuary)
  A howler monkey zombie (D:7)
  10 gnolls
  8 adders
  A shadow imp (D:8)
  An ufetubus (D:4)
  A worm (D:3)
  A dart slug (D:4)
  15 orcs
  6 ball pythons
  10 endoplasms
  2 giant cockroaches
  2 gnoll zombies (Ossuary)
  4 goblins
  4 hobgoblins
  4 jackals
  3 quokkas
  5 bats
  5 frilled lizards
  2 hobgoblin zombies (Ossuary)
  18 kobolds
  A kobold zombie (Ossuary)
  3 orc zombies (Ossuary)
  11 rats
  2 bushes (D:6)
219 creatures vanquished.

Vanquished Creatures (collateral kills)
  3 foxfires (D:3)
3 creatures vanquished.

Vanquished Creatures (others)
  956 foxfires
  A fungus (Lair:1)
  22 plants
979 creatures vanquished.

Grand Total: 1201 creatures vanquished

Notes
Turn   | Place    | Note
-------+----------+-------------------------------------------
     0 | D:1      | funkygono the Gargoyle Fire Elementalist began the quest
                  | for the Orb.
     0 | D:1      | Reached XP level 1. HP: 10/10 MP: 3/3
   290 | D:1      | Reached XP level 2. HP: 15/15 MP: 3/5
   312 | D:1      | Learned a level 2 spell: Scorch
   873 | D:2      | Reached XP level 3. HP: 19/19 MP: 3/6
   877 | D:2      | Learned a level 3 spell: Conjure Flame
  1173 | D:2      | Found a faded altar of an unknown god.
  1263 | D:2      | Found a burning altar of Makhleb.
  1378 | D:2      | Reached XP level 4. HP: 24/24 MP: 2/7
  2015 | D:3      | Reached skill level 4 in Fire Magic
  2028 | D:3      | Reached XP level 5. HP: 26/28 MP: 1/9
  2049 | D:3      | Learned a level 4 spell: Flame Wave
  3437 | D:4      | Reached XP level 6. HP: 32/32 MP: 9/11
  3782 | D:4      | Found a sand-covered staircase.
  3836 | Ossuary  | Entered an ossuary
  4467 | D:4      | Noticed a black bear
  4493 | D:4      | Killed a black bear
  4494 | D:4      | Reached skill level 5 in Fire Magic
  4494 | D:4      | Reached XP level 7. HP: 36/36 MP: 1/13
  5149 | D:5      | Entered Level 5 of the Dungeon
  5164 | D:5      | Noticed Duvessa
  5168 | D:5      | Noticed Dowan
  5348 | D:5      | Reached skill level 5 in Spellcasting
  5557 | D:5      | Reached XP level 8. HP: 41/41 MP: 8/16
  5574 | D:5      | Killed Duvessa
  5575 | D:5      | Reached skill level 6 in Fire Magic
  5576 | D:5      | Killed Dowan
  6133 | D:6      | Found a runed translucent gate.
  6133 | D:6      | Found a runed translucent gate.
  6134 | D:6      | Found a runed translucent gate.
  6319 | D:6      | Noticed emiel's ghost (novice NaFi)
  6394 | D:6      | Reached skill level 5 in Conjurations
  7234 | D:6      | Reached XP level 9. HP: 45/45 MP: 13/19
  7773 | D:7      | Noticed a hornet
  7774 | D:7      | Reached skill level 7 in Fire Magic
  7778 | D:7      | Killed a hornet
  8174 | D:7      | Noticed Menkaure
  8177 | D:7      | Killed Menkaure
  8304 | D:7      | Noticed a troll
  8316 | D:7      | Killed a troll
  8317 | D:7      | Reached skill level 8 in Fire Magic
  8392 | D:7      | Found Wemi's Jewellery Shoppe.
  8402 | D:7      | Bought an amulet of reflection for 330 gold pieces
  8427 | D:7      | Found a staircase to the Ecumenical Temple.
  8436 | Temple   | Entered the Ecumenical Temple
  8472 | Temple   | Became a worshipper of Vehumet
  8826 | D:8      | Upgraded the game from 0.28-a0-706-gf6f64a616a to
                  | 0.28-a0-723-g095bd1b44f
  9045 | D:8      | Reached XP level 10. HP: 50/50 MP: 18/22
  9139 | D:8      | Reached skill level 1 in Maces & Flails
 10417 | D:9      | Reached skill level 9 in Fire Magic
 10712 | D:9      | Reached * piety under Vehumet
 10712 | D:9      | Offered knowledge of Freeze by Vehumet.
 10812 | D:9      | Noticed a two-headed ogre
 10820 | D:9      | Killed a two-headed ogre
 11084 | D:9      | Found Sarcha's Assorted Antiques.
 11363 | D:9      | Found a basalt altar of Yredelemnul.
 11552 | D:9      | Found a staircase to the Lair.
 11771 | D:9      | Upgraded the game from 0.28-a0-723-g095bd1b44f to
                  | 0.28-a0-724-g66f9036eb4
 11938 | Lair:1   | Entered Level 1 of the Lair of Beasts
 11978 | Lair:1   | Noticed Prince Ribbit
 11983 | Lair:1   | Killed Prince Ribbit
 11994 | Lair:1   | Reached skill level 10 in Fire Magic
 12001 | Lair:1   | Reached skill level 1 in Shields
 12007 | Lair:1   | Reached XP level 11. HP: 41/54 MP: 6/24
 12503 | Lair:1   | Learned a level 1 spell: Freeze
 12585 | Lair:1   | Slain by a komodo dragon

Illustrated notes

Levels and vault maps discovered:
D:1:      dpeg_arrival_ternary, layout_rooms
D:2:      minmay_alternating_diamond, layout_basic, basic_altar,
          dreamdust_ecumenical_altar_sealed_demon, kennysheep_flooded_box
D:3:      layout_basic, serial_bayou, serial_bayou_pond_c, serial_bayou_shore_b,
          serial_bayou_pond_c, serial_bayou_lake_a
D:4:      layout_loops_ring, nicolae_ossuary_entry_monument
D:5:      layout_rooms, uniq_duvessa
D:6:      layout_cave_pods, gammafunk_ghost_necromancy, lexackson_kobold_supper
D:7:      layout_rooms, minmay_temple_entry_antechambers,
          minmay_shop_enchanted_jewellery, st_stairs_9, chequers_mini_garden,
          uniq_menkaure
D:8:      layout_layer_cave
D:9:      layout_basic, mainiacjoe_overflow_chevrons, lair_entry_dummy,
          serial_shops, shop
Temple:   compressed_dpeg_circular_temple
Lair:1:   layout_long_grid, evilmike_ambush [evilmike_ambush_outer_basic,
          evilmike_ambush_inner_pond], grunt_megastairs_2, uniq_prince_ribbit2

Skill      XL: |  1  2  3  4  5  6  7  8  9 10 |
---------------+-------------------------------+-----
Conjurations   | 2 3 4 6 7 8 |  8.8
Fire Magic     | 4 5 6 8 10 | 10.3
Spellcasting   | 3 4 5 6 8 9 |  9.9
Dodging        | 2 |  2.5
Maces & Flails | 1 |  1.4
Shields        | 1 |  1.5
Fighting       | |  0.9
Stealth        | |  2.1

Action                   |  1- 3 |  4- 6 |  7- 9 | 10-12 || total
-------------------------+-------+-------+-------+-------++-------
Melee: Unarmed           |     3 |       |       |       ||     3
       Club              |     8 |       |       |       ||     8
       Flail             |       |    21 |    26 |    22 ||    69
 Cast: Foxfire           |    58 |   135 |   210 |   158 ||   561
       Scorch            |       |     9 |    17 |    21 ||    47
       Conjure Flame     |       |     1 |     1 |       ||     2
       Flame Wave        |       |       |     3 |     1 ||     4
       Freeze            |       |       |       |     1 ||     1
  Use: Scroll            |       |     8 |    19 |     1 ||    28
       Potion            |       |       |       |     1 ||     1
 Stab: Distracted        |       |       |     1 |       ||     1
Armor: Robe              |    10 |    11 |    25 |    28 ||    74
Dodge: Dodged            |    13 |    30 |    32 |    36 ||   111
Block: Other             |       |       |     1 |    22 ||    23

Table legend: (Time is in decaauts)
 A = Elapsed time spent in this place.
 B = Non-inter-level travel time spent in this place.
 C = Inter-level travel time spent in this place.
 D = Time resting spent in this place.
 E = Time spent auto-exploring this place.
 F = Levels seen in this place.
 G = Mean time per level.
                   A        B        C        D        E       F      G
               +--------+--------+--------+--------+--------+-----+--------+
         Total |  12611 |  12308 |    303 |   2439 |   7000 |  12 | 1050.9 |
       Dungeon |  11581 |  11289 |    292 |   2186 |   6537 |   9 | 1286.8 |
        Temple |     70 |     61 |      9 |      0 |     41 |   1 |   70.0 |
          Lair |    341 |    341 |      0 |     72 |    156 |   1 |  341.0 |
       Ossuary |    616 |    616 |      0 |    181 |    266 |   1 |  616.0 |
               +--------+--------+--------+--------+--------+-----+--------+

Top non-repeatable levels by time:
     D:9: 1865 daAuts
     D:6: 1696 daAuts
     D:8: 1639 daAuts
     D:3: 1614 daAuts
     D:4: 1182 daAuts
     D:2: 991 daAuts
     D:7: 913 daAuts
     D:5: 847 daAuts
     D:1: 831 daAuts
 Ossuary: 616 daAuts
  Lair:1: 341 daAuts
  Temple: 70 daAuts
